 Dungeon Crawl Stone Soup version 0.31-a0-1074-g0b22e4e0f1 (webtiles) character file.

Game seed: 13727977225094037055

26223 grandjackal the Destroyer (level 13, -15/66 HPs)
             Began as a Tengu Conjurer on Nov 29, 2023.
             Was an Elder of Vehumet.
             Killed from afar by a wretched star (28 damage)
             ... with a lance of force
             ... on level 12 of the Dungeon.
             The game lasted 00:43:15 (16324 turns).

grandjackal the Destroyer (Tengu Conjurer)         Turns: 16324, Time: 00:43:15

Health: -15/66     AC: 11    Str:  8    XL:     13   Next: 24%
Magic:  27/27      EV: 15    Int: 24    God:    Vehumet [****..]
Gold:   580        SH:  0    Dex: 12    Spells: 22/31 levels left

rFire   . . .        I - staff of conjuration
rCold   . . .        (no shield)
rNeg    . . .        f - +0 acid dragon scales
rPois   .            (helmet restricted)
rElec   .            H - +1 cloak
rCorr   +            h - +2 pair of gloves
SInv    .            (boots unavailable)
Will    .....        z - amulet of magic regeneration
Stlth   +            (no ring)
HPRegen 0.31/turn    (no ring)
MPRegen 0.60/turn

%: acrobat
@: flying, hasted, studying Throwing, very quick
A: beak, talons 3, evasive flight, acrobatic, [frail 2]
a: Renounce Religion


You were on level 12 of the Dungeon.
You worshipped Vehumet.
Vehumet was greatly pleased with you.
You visited 2 branches of the dungeon, and saw 13 of its levels.
You visited the Abyss 1 time.
You also visited: Bailey.

You collected 800 gold pieces.
You spent 220 gold pieces at shops.

Inventory:

Hand Weapons
 k - a +0 vampiric dagger
 p - the +7 sling of Nipegro {heavy, rC+ rN+ Will- Dex+2}
   (You took it off a hobgoblin on level 3 of the Dungeon)

   Dex+2:     It affects your dexterity (+2).
   rC+:       It protects you from cold.
   rN+:       It protects you from negative energy.
   Will-:     It decreases your willpower.
 A - a +3 spear of freezing
Missiles
 c - 21 poisoned darts (quivered)
 l - 2 throwing nets
Armour
 f - +0 acid dragon scales (worn)
 h - a +2 pair of gloves (worn)
 E - +2 acid dragon scales
 G - the +0 leather armour "Nanoeghu" {+Blink Regen+ Int-3}
   (You found it on level 8 of the Dungeon)

   Int-3:     It affects your intelligence (-3).
   +Blink:    It lets you blink.
   Regen+:    It increases your rate of health regeneration.
 H - a +1 cloak (worn)
 M - +0 steam dragon scales
 N - a +0 robe of willpower
Magical Staves
 I - a staff of conjuration (weapon)
Jewellery
 m - a ring of fire
 w - a +6 ring of strength
 z - an amulet of magic regeneration (around neck)
 B - an amulet of guardian spirit
 O - an amulet of reflection
Wands
 j - a wand of polymorph (4)
 C - a wand of flame (16)
Scrolls
 e - a scroll of brand weapon
 g - a scroll of fear
 n - 2 scrolls of enchant armour
 s - 2 scrolls of fog
 u - 2 scrolls of blinking
 x - a scroll of noise
 y - a scroll of immolation {unknown}
 F - a scroll of poison {unknown}
 J - 2 scrolls of revelation
 K - a scroll of vulnerability
 L - a scroll of amnesia
 Q - a scroll of enchant weapon {unknown}
Potions
 a - a potion of might
 b - 2 potions of magic
 d - 3 potions of brilliance
 i - 2 potions of haste
 o - 4 potions of mutation
 q - 3 potions of enlightenment
 r - a potion of resistance
 t - a potion of berserk rage
 v - 2 potions of curing
 D - 3 potions of attraction
 P - a potion of ambrosia
 R - 2 potions of heal wounds


   Skills:
 + Level 10.5 Fighting
 + Level 8.5 Staves
 - Level 2.1 Dodging
 - Level 2.0 Stealth
 + Level 9.9 Spellcasting
 - Level 10.6 Conjurations
 - Level 4.0 Translocations
 + Level 10.1 Air Magic
 + Level 8.9 Evocations


You had 22 spell levels left.
You knew the following spells:

 Your Spells              Type           Power      Damage    Failure   Level
a - Magic Dart            Conj           100%       1d8       1%          1
b - Searing Ray           Conj           100%       2d8       1%          2
c - Iskenderun's Mystic   Conj/Tloc      63%        2d13      1%          4
d - Static Discharge      Conj/Air       100%       3-8/arc   1%          2

Your spell library contained the following spells:

 Spells                   Type           Power      Damage    Failure   Level
 Brom's Barrelling Bould  Conj/Erth      54%        2d7       3%          4
 Dazzling Flash           Conj/Hex       100%       N/A       1%          3
 Lesser Beckoning         Tloc           62%        N/A       2%          2
 Fulminant Prism          Conj/Hex       27%        3d14      3%          4
 Gell's Gravitas          Tloc           31%        N/A       5%          3
 Teleport Other           Tloc           31%        N/A       5%          3
 Call Canine Familiar     Summ           11%        N/A       28%         3
 Sigil of Binding         Hex            11%        N/A       28%         3
 Dimensional Bullseye     Hex/Tloc       10%        N/A       38%         4
 Leda's Liquefaction      Hex/Erth       5%         N/A       67%         4
 Chain Lightning          Conj/Air       37%        3d50      100%        9
 Fire Storm               Conj/Fire      27%        8d7       100%        9
 Shatter                  Erth           5%         3d8*      100%        9


Dungeon Overview and Level Annotations

Branches:
Dungeon (12/15)            Temple (1/1) D:5            Lair (0/5) D:11
    Orc (0/2) D:9          Bailey (visited)

Altars:
Ashenzari
Cheibriados
Dithmenos
Elyvilon
Fedhas
Gozag
Hepliaklqana
Kikubaaqudgha
Makhleb
Nemelex Xobeh
Okawaru
Qazlal
Ru
Sif Muna
Trog
Uskayaw
Vehumet
Wu Jian
Xom
Yredelemnul
Zin
The Shining One
Jiyva

Shops:
D:2 (   D:6 !   D:10 !

Annotations:
D:8 Erica
D:9 3 runed translucent doors, Dittersdorf's ghost, novice GrFi
D:12 3 runed translucent doors, Sundig's ghost, journeyman DgFi


Innate Abilities, Weirdness & Mutations

You have a beak for a mouth.
You have claws for feet.
Your magical flight helps you evade attacks. (EV +4)
You can magically evade attacks while moving or waiting.
[You are very frail. (-20% HP)]


Message History

Welcome back to the Dungeon!
Level annotation: 3 runed translucent doors, Sundig's ghost, journeyman DgFi You feel very sick.
Unknown command.
Unknown command.
As you read the scroll labelled OKIRAL QIDIGH, it crumbles to dust.
You hear a loud clanging noise!
It was a scroll of noise.
You feel very sick. The orange demon misses you. x2
The occultist points at you and mumbles some strange words.
The lance of force misses you.
Unknown command.
You feel yourself speed up.
You feel very sick.
The wretched star glows turbulently.
The lance of force hits you!!
You are knocked back by the lance of force.
You collide with the orange demon!
The orange demon is heavily wounded.
The orange demon stings you.
The orange demon hits you but does no damage.
You feel sick.
The wretched star pulses with an eldritch light!
You feel frail. x2
You feel sick.
Things that are here:
a +0 orcbow; a shapeshifter skeleton; a centaur skeleton You feel sick.
The occultist points at you and mumbles some strange words.
The lance of force hits you.
You are knocked back by the lance of force.
You slam into the rock wall!
* * * LOW HITPOINT WARNING * * *
Things that are here:
3 large rocks; a +0 orcbow You feel better.
The wretched star glows turbulently.
The lance of force hits you!!
You die...

.....#,,*,,,,.#..#..#
.##..#*,,**,*#..##..#
..*...*,,*#.##..#..######
,,,,,,*,,,..##..#..######
*,,,,,*,,*####..#..######
*,,,,*#..#####..##..#####
,,,,,*,,#.....#*p#..#####
,,,,,*.........))#..#####
,,,,**...#####4(@##..####
,...*,####...####.#..####
#...###.........##).#####
....................#####
....................#####
..............#....######
............#############
.....##.....####..#######
........"......#...######


You could see a wretched star, an orange demon and an occultist.

Vanquished Creatures
  Josephine (D:10)
  3 boulder beetles (D:11)
  2 centaur warriors (D:12)
  4 two-headed ogres
  3 skeletal warriors (D:11)
  2 arcanists (D:11)
  7 ugly things
  3 cyclopes (D:12)
  3 manticores
  Joseph (D:10)
  An elephant (D:11)
  A gargoyle (D:11)
  An unseen horror (D:11)
  A komodo dragon (D:11)
  A kobold demonologist (Bailey)
  Maggie (D:7)
  3 trolls
  A raiju (shapeshifter) (D:12)
  A slime creature (D:12)
  2 vampires
  4 wraiths (D:10)
  21 yaks
  A steam dragon (D:9)
  4 vampire mosquitoes (D:12)
  An acid dragon (D:10)
  Duvessa (D:7)
  9 orc warriors
  5 ice beasts
  5 black bears
  An ogre (D:5)
  4 centaurs
  A phantom (D:7)
  2 kobold brigands
  2 bullfrogs
  A gnoll sergeant (D:6)
  4 scorpions
  5 wights (D:10)
  Dowan (D:7)
  2 howler monkeys (D:12)
  6 electric eels (Bailey)
  10 orc priests
  3 hounds
  A gnoll bouda (D:8)
  3 jellies
  2 sleepcaps
  Ijyb (D:5)
  2 iguanas (D:7)
  8 orc wizards
  Robin (D:2)
  10 adders
  12 gnolls
  A shadow imp (D:8)
  A white imp (D:7)
  2 worms
  4 dart slugs
  36 orcs
  3 bats
  9 endoplasms
  4 giant cockroaches
  33 goblins
  17 hobgoblins
  3 jackals (D:3)
  11 kobolds
  2 quokkas
  5 ball pythons
  5 frilled lizards
  4 rats
315 creatures vanquished.

Vanquished Creatures (collateral kills)
  A black bear (D:7)
  A killer bee (D:7)
  5 gnolls (D:6)
7 creatures vanquished.

Vanquished Creatures (others)
  A centaur warrior (D:12)
  A boulder beetle (D:12)
  An ugly thing (D:11)
  An acid dragon (D:12)
  2 killer bees (D:7)
  2 orc wizards (D:10)
  A white imp (D:7)
9 creatures vanquished.

Grand Total: 331 creatures vanquished

Notes
Turn   | Place    | Note
-------+----------+-------------------------------------------
     0 | D:1      | grandjackal the Tengu Conjurer began the quest for the Orb.
     0 | D:1      | Reached XP level 1. HP: 10/10 MP: 4/4
   292 | D:1      | Reached XP level 2. HP: 16/16 MP: 3/6
   323 | D:1      | Learned a level 2 spell: Searing Ray
   610 | D:1      | Reached skill level 1 in Fighting
   898 | D:1      | Reached XP level 3. HP: 19/20 MP: 7/7
  1651 | D:2      | Noticed Robin
  1760 | D:2      | Killed Robin
  1761 | D:2      | Reached XP level 4. HP: 21/26 MP: 1/9
  2276 | D:2      | Found Bemikits's Antique Weapon Emporium.
  2468 | D:2      | Learned a level 4 spell: Iskenderun's Mystic Blast
  2521 | D:3      | Reached XP level 5. HP: 29/31 MP: 8/10
  2831 | D:3      | Identified the +7 sling of Nipegro {heavy, rC+ rN+ Will-
                  | Dex+2}
  3049 | D:3      | Found a faded altar of an unknown god.
  3337 | D:4      | Noticed a black bear
  3348 | D:4      | Killed a black bear
  3349 | D:4      | Reached skill level 1 in Translocations
  3349 | D:4      | Reached XP level 6. HP: 20/36 MP: 2/12
  4007 | D:4      | Gained mutation: Your magical flight helps you evade
                  | attacks. (EV +4) [Tengu growth]
  4007 | D:4      | Reached XP level 7. HP: 41/41 MP: 7/13
  4053 | D:4      | Found Zin's Purification Station.
  4059 | D:4      | Found a glowing silver altar of Zin.
  4064 | D:4      | Bought a potion of curing for 90 gold pieces
  4125 | D:4      | Found a bloodstained altar of Trog.
  4545 | D:5      | Entered Level 5 of the Dungeon
  4936 | D:5      | Noticed Ijyb
  4984 | D:5      | Killed Ijyb
  5315 | D:5      | Found a staircase to the Ecumenical Temple.
  5324 | Temple   | Entered the Ecumenical Temple
  5328 | Temple   | Became a worshipper of Vehumet
  5585 | D:5      | Reached XP level 8. HP: 48/48 MP: 5/15
  6275 | D:6      | Found a broken altar of Ashenzari.
  6319 | D:6      | Found a sparkling altar of Nemelex Xobeh.
  6338 | D:6      | Reached skill level 5 in Spellcasting
  6362 | D:6      | Reached skill level 5 in Fighting
  6424 | D:6      | Reached * piety under Vehumet
  6424 | D:6      | Offered knowledge of Sandblast by Vehumet.
  6777 | D:6      | Found Nus Juik's Distillery.
  6790 | D:6      | Bought a potion of mutation for 80 gold pieces
  6790 | D:6      | Bought a potion of heal wounds for 50 gold pieces
  7044 | D:6      | Reached XP level 9. HP: 54/54 MP: 15/18
  7215 | D:7      | Noticed Maggie
  7239 | D:7      | Noticed Dowan
  7243 | D:7      | Reached skill level 1 in Evocations
  7245 | D:7      | Noticed Duvessa
  7246 | D:7      | Killed Maggie
  7748 | D:7      | Killed Duvessa
  7750 | D:7      | Killed Dowan
  7938 | D:7      | You are sucked into a shaft and drop 2 floors!
  7962 | D:9      | Reached skill level 10 in Conjurations
  8146 | D:8      | Identified the +0 leather armour "Nanoeghu" {+Blink Regen+
                  | Int-3}
  8260 | D:8      | Found a flagged portal.
  8276 | Bailey   | Entered a bailey
  8517 | Bailey   | Noticed an orc high priest
  8525 | Bailey   | Noticed a sun demon
  8817 | Bailey   | Offered knowledge of Static Discharge by Vehumet.
  8822 | Bailey   | Learned a level 2 spell: Static Discharge
  8859 | Bailey   | Reached ** piety under Vehumet
  8999 | Bailey   | Reached XP level 10. HP: 61/61 MP: 17/21
  9149 | Bailey   | Acquired a staff of conjuration
  9322 | Bailey   | Noticed a kobold demonologist
  9389 | Bailey   | Killed a kobold demonologist
  9390 | Bailey   | Reached skill level 1 in Staves
  9390 | Bailey   | Reached skill level 1 in Air Magic
  9409 | Bailey   | Found an iron altar of Okawaru.
  9469 | Bailey   | Noticed a rust devil
  9470 | Bailey   | Noticed a sun demon
  9547 | D:8      | Offered knowledge of Ignite Poison by Vehumet.
 10122 | D:8      | Reached *** piety under Vehumet
 10255 | D:8      | Noticed Erica
 10606 | D:9      | Noticed a two-headed ogre
 10622 | D:9      | Killed a two-headed ogre
 10878 | D:9      | Found a runed translucent gate.
 10878 | D:9      | Found a runed translucent gate.
 10878 | D:9      | Found a runed translucent gate.
 10881 | D:9      | Noticed Dittersdorf's ghost (novice GrFi)
 10939 | D:9      | Found a staircase to the Orcish Mines.
 11071 | D:9      | Reached skill level 5 in Evocations
 11286 | D:9      | Found a viscous altar of Jiyva.
 11318 | D:10     | Entered Level 10 of the Dungeon
 11353 | D:10     | Found a blossoming altar of Fedhas.
 11475 | D:10     | Offered knowledge of Stone Arrow by Vehumet.
 11571 | D:10     | Noticed Josephine
 11588 | D:10     | Killed Josephine
 11589 | D:10     | Reached XP level 11. HP: 68/68 MP: 16/23
 11602 | D:10     | Noticed Joseph
 11736 | D:10     | Killed Joseph
 11737 | D:10     | Reached skill level 5 in Air Magic
 12110 | D:10     | Reached **** piety under Vehumet
 12189 | D:10     | Identified the +3 leather armour of Paif {Harm +Blink Dex-2
                  | Slay-3}
 12392 | D:10     | Found Xautap's Distillery.
 12565 | D:11     | Noticed a boulder beetle
 12596 | D:11     | Killed a boulder beetle
 12597 | D:11     | Reached skill level 5 in Staves
 13063 | D:11     | Noticed a boulder beetle
 13133 | D:11     | Killed a boulder beetle
 13185 | D:11     | Noticed a green ugly thing
 13185 | D:11     | Noticed a cyan ugly thing
 13185 | D:11     | Noticed a green ugly thing
 13200 | D:11     | Noticed a cyan ugly thing
 13201 | D:11     | Noticed a red ugly thing
 13232 | D:11     | Noticed a cyan ugly thing
 13243 | D:11     | Killed a green ugly thing
 13244 | D:11     | Killed a red ugly thing
 13246 | D:11     | Killed a purple ugly thing
 13246 | D:11     | Offered knowledge of Brom's Barrelling Boulder by Vehumet.
 13253 | D:11     | Killed a red ugly thing
 13409 | D:11     | Reached XP level 12. HP: 21/76 MP: 11/25
 13689 | D:11     | Noticed a boulder beetle
 13713 | D:11     | Killed a boulder beetle
 13878 | D:11     | Noticed a two-headed ogre
 13886 | D:11     | Killed a two-headed ogre
 15136 | D:11     | Found a staircase to the Lair.
 15385 | D:12     | Reached skill level 10 in Fighting
 15594 | D:12     | Found a runed translucent gate.
 15594 | D:12     | Found a runed translucent gate.
 15594 | D:12     | Found a runed translucent gate.
 15595 | D:12     | Noticed a centaur warrior
 15596 | D:12     | Noticed a centaur warrior
 15597 | D:12     | Noticed Sundig's ghost (journeyman DgFi)
 15599 | D:12     | Noticed a frost giant
 15835 | D:12     | Noticed a two-headed ogre
 15846 | D:12     | Killed a two-headed ogre
 15908 | D:12     | Noticed a centaur warrior
 15911 | D:12     | Reached XP level 13. HP: 82/82 MP: 24/27
 15925 | D:12     | Reached skill level 10 in Air Magic
 16295 | Abyss:2  | Cast into level 2 of the Abyss (an occultist)
 16318 | D:12     | Escaped the Abyss
 16324 | D:12     | Killed from afar by a wretched star

Illustrated notes

Levels and vault maps discovered:
D:1:      sevenhm_arrival_forest_fort_small_6, layout_loops_corners,
          serial_glass, glass_columns_a, glass_columns_b
D:2:      layout_loops_cross, serial_shops, nicolae_shop_real_fake_doors,
          uniq_robin
D:3:      layout_basic, ebering_ecumenical_altar_webs
D:4:      layout_basic, zin_purify, lightli_temple_of_fire,
          hangedman_decor_peaks_small, kennysheep_generic_room_7
D:5:      layout_loops_corners, lemuel_temple_firewalk_b, uniq_ijyb
D:6:      layout_loops_ring, mainiacjoe_overflow_alcove_1, kennysheep_mini_moat,
          serial_shops, nicolae_shop_statue_plus, kennysheep_boxes
D:7:      layout_basic, serial_glass, glass_columns_b, glass_columns_b,
          uniq_duvessa, uniq_maggie
D:8:      layout_gridville, enter_bailey_3, moated_statue,
          chequers_serial_rivers_micro_d, minivault_1, uniq_erica
D:9:      layout_cave_pods, minmay_orc_entry_temple_small, serial_glass,
          glass_columns_b, glass_columns_b, gammafunk_ghost_ooze
D:10:     layout_grid_maze, fedhas_bush_and_centaur_altar, serial_shops,
          nicolae_shop_tiny_real_fake_doors, uniq_joseph, uniq_josephine
D:11:     cheibrodos_breeding_chamber, layout_basic,
          grunt_lair_entry_orc_guard_hut, dreamdust_princess_corridor
D:12:     layout_cave_pools, gammafunk_ghost_split, minmay_pinched_square
Temple:   sentei_temple_godly_chess

Skill      XL: |  1  2  3  4  5  6  7  8  9 10 11 12 13 |
---------------+----------------------------------------+-----
Fighting       | 1 2 3 4 5 6 8 9 10 | 10.5
Conjurations   | 6 7 8 9 10 | 10.6
Spellcasting   | 3 4 5 6 7 8 9 |  9.9
Translocations | 1 2 3 4 |  4.0
Evocations     | 3 5 7 8 |  8.9
Staves         | 4 6 8 |  8.5
Air Magic      | 4 7 9 10 | 10.1
Dodging        | |  2.1
Stealth        | |  2.0

Action                     |  1- 3 |  4- 6 |  7- 9 | 10-12 | 13-15 || total
---------------------------+-------+-------+-------+-------+-------++-------
  Melee: Dagger            |    14 |    39 |    27 |       |       ||    80
         Peck              |     3 |    12 |     9 |     4 |       ||    28
         Unarmed           |     1 |       |       |       |       ||     1
         Kick              |     2 |    14 |    14 |    12 |       ||    42
         Spear             |       |       |    33 |       |       ||    33
         Staff             |       |       |       |    24 |       ||    24
         Punch             |       |       |       |     1 |       ||     1
  Throw: Dart              |       |       |       |    16 |       ||    16
   Cast: Magic Dart        |    61 |    37 |    88 |    69 |       ||   255
         Searing Ray       |     4 |    23 |    53 |   135 |     8 ||   223
         Static Discharge  |       |       |     7 |    15 |       ||    22
         Iskenderun's Myst |       |       |     1 |    72 |    14 ||    87
  Evoke: Wand              |       |       |    13 |    14 |     4 ||    31
    Use: Scroll            |       |       |     1 |    19 |     3 ||    23
         Potion            |       |       |     1 |     3 |     3 ||     7
   Stab: Sleeping          |       |     1 |     3 |       |       ||     4
 Armour: Robe              |     9 |    21 |    57 |    33 |       ||   120
         Steam dragon scal |       |       |       |   117 |    13 ||   130
         Skin              |       |       |       |       |    36 ||    36
         Acid dragon scale |       |       |       |       |    10 ||    10
  Dodge: Dodged            |    23 |    44 |   128 |   270 |    28 ||   493

Table legend: (Time is in decaauts)
 A = Elapsed time spent in this place.
 B = Non-inter-level travel time spent in this place.
 C = Inter-level travel time spent in this place.
 D = Time resting spent in this place.
 E = Time spent auto-exploring this place.
 F = Levels seen in this place.
 G = Mean time per level.
                   A        B        C        D        E       F      G
               +--------+--------+--------+--------+--------+-----+--------+
         Total |  16302 |  15733 |    569 |   4757 |   7059 |  16 | 1018.9 |
       Dungeon |  15015 |  14446 |    569 |   4183 |   7059 |  12 | 1251.2 |
        Temple |      8 |      8 |      0 |      0 |      0 |   1 |    8.0 |
         Abyss |     22 |     22 |      0 |      0 |      0 |   2 |   11.0 |
        Bailey |   1255 |   1255 |      0 |    574 |      0 |   1 | 1255.0 |
               +--------+--------+--------+--------+--------+-----+--------+

Top non-repeatable levels by time:
    D:11: 2446 daAuts
    D:10: 1646 daAuts
     D:5: 1619 daAuts
     D:1: 1324 daAuts
  Bailey: 1255 daAuts
     D:4: 1237 daAuts
     D:2: 1182 daAuts
     D:9: 1090 daAuts
     D:6: 1038 daAuts
     D:7: 1023 daAuts
     D:8: 846 daAuts
     D:3: 786 daAuts
    D:12: 775 daAuts
 Abyss:2: 12 daAuts
 Abyss:3: 9 daAuts
